 Dungeon Crawl Stone Soup version 0.31.0-11-ge490571c62 (webtiles) character file.

Game seed: 14532164895034037388

6216 sanka the Grappler (level 10, -1/100 (104) HPs)
             Began as a Troll Monk on Feb 2, 2024.
             Was a Priest of Okawaru.
             Slain by a centaur warrior (4 damage)
             ... on level 8 of the Dungeon.
             The game lasted 00:09:36 (5530 turns).

sanka the Grappler (Troll Monk)                     Turns: 5530, Time: 00:09:37

HP:   -1/100 (104)  AC:  6    Str: 21    XL:     10   Next: 61%
MP:   10/12         EV: 19    Int:  6    God:    Okawaru [***...]
Gold: 514           SH:  0    Dex: 22    Spells: 9/9 levels left

rFire   + .          .
                       - Unarmed
rCold   + . .        c - orb {light}
rNeg    . . .        z - +1 robe {rC+ rF+}
rPois   .            (helmet restricted)
rElec   .            a - +0 cloak
rCorr   .            (gloves unavailable)
SInv    .            (boots unavailable)
Will    .....        C - amulet of the acrobat
Stlth   ++           u - +6 ring of dexterity
HPRegen 1.16/turn    (no ring)
MPRegen 0.13/turn

%: acrobat
@: heroic, glowing, lightly drained
A: large, unfitting armour, claws 3, regeneration 1, shaggy fur 1, tough skin 1
a: Renounce Religion, Heroism


You were on level 8 of the Dungeon.
You worshipped Okawaru.
Okawaru was most pleased with you.
You visited 2 branches of the dungeon, and saw 9 of its levels.
You also visited: Sewer.

You collected 514 gold pieces.


Innate Abilities, Weirdness & Mutations

You are too large for most types of armour.
You have claws for hands.
Your natural rate of healing is unusually fast.
You are covered in fur. (AC +1)
You have tough skin. (AC +1)


   Skills:
 - Level 8.0(13.0) Fighting
 + Level 7.2(12.2) Dodging
 - Level 10.0(15.0) Unarmed Combat
 + Level 4.6 Invocations


You had 9 spell levels left.
You didn't know any spells.
Your spell library contained the following spells:

 Spells                   Type           Power      Damage    Failure   Level
 Necrotise                Necr           0%         1d4       45%         1
 Vampiric Draining        Necr           0%         2d6       83%         3
 Curse of Agony           Necr           0%         N/A       100%        5
 Martyr's Knell           Necr/Summ      Unusable   N/A       N/A         4

Inventory:

Missiles
 d - 4 curare-tipped darts {=f}
 x - a throwing net {=f}
 y - 4 large rocks {=f}
Armour
 a - a +0 cloak (worn)
 c - an orb of light (worn)
 z - a +1 robe of resistance (worn)
 L - +0 steam dragon scales
Jewellery
 s - an amulet of reflection
 u - a +6 ring of dexterity (left claw)
 C - an amulet of the acrobat (around neck)
 D - a ring of ice
 M - a ring of ice
Wands
 H - a wand of iceblast (16)
 K - a wand of flame (1)
Scrolls
 e - 2 scrolls of noise {unknown}
 f - a scroll of butterflies {unknown}
 h - 5 scrolls of identify {unknown}
 j - 5 scrolls of teleportation {unknown}
 k - 3 scrolls of fear {unknown}
 l - a scroll of torment {unknown}
 m - a scroll of silence {unknown}
 n - a scroll of fog {unknown}
 o - 3 scrolls of enchant weapon {unknown}
 r - 3 scrolls of blinking
 v - a scroll of immolation {unknown}
 B - a scroll of vulnerability {unknown}
 G - a scroll of brand weapon {unknown}
 J - a scroll of revelation {unknown}
Potions
 b - a potion of ambrosia
 g - 2 potions of might {unknown}
 i - a potion of enlightenment {unknown}
 p - 5 potions of curing {unknown}
 q - a potion of attraction {unknown}
 t - a potion of lignification {unknown}
 w - 3 potions of cancellation {unknown}
 A - 2 potions of berserk rage {unknown}
 E - a potion of invisibility {unknown}
 F - 2 potions of heal wounds {unknown}
 I - a potion of magic {unknown}

Dungeon Overview and Level Annotations

Branches:
Dungeon (8/15)             Temple (1/1) D:7           Sewer (visited)
   Lair: D:8-11

Altars:
Cheibriados
Dithmenos
Elyvilon
Fedhas
Gozag
Hepliaklqana
Kikubaaqudgha
Makhleb
Okawaru
Qazlal
Ru
Sif Muna
Trog
Uskayaw
Wu Jian
Xom
Yredelemnul
Zin
The Shining One

Shops:
D:2 (

Annotations:
D:7 3 runed translucent doors, heinrich's ghost, novice TrMo
D:8 exclusion: ice statue

▒.†.≈▒.?▒ .. ▒.≈))▒8!▒
~~. ▒~...▒?.▒ ...~
▒...†▒▒ ▒~... ▒▒.~..▒▒
▒..~.▒ ▒▒....▒▒ ▒...^▒
▒▒▒..)▒▒▒ ▒▒▒≈?.▒ ▒▒▒▒
▒▒▒...▒▒▒▒.co▒ ...▒
▒▒.▒▒▒.....T▒▒▒▒
▒▒.▒▒▒>....▒▒▒▒▒▒▒..▒▒
.▒.........▒..........
.........▒.........▒▒▒
.▒......▒▒.........▒
▒▒....▒............▒
.........▒.........▒▒
▒▒▒▒..▒.▒▒..▒.......▒
▒........▒.▒▒▒▒▒.▒


You could see a centaur warrior and an orc.


Message History

The arrow hits you!
* * * LOW HITPOINT WARNING * * *
You feel drained.
* * * LOW HITPOINT WARNING * * *
The orc hits you but does no damage.
Unknown command.
Use which ability? (? or * to list)
You gain the combat prowess of a mighty hero.
You mangle the centaur warrior!!
The centaur warrior is heavily wounded.
Unknown command.
You scratch the centaur warrior.
The centaur warrior is heavily wounded.
The centaur warrior unwields a +2 orcbow of draining.
The centaur warrior misses you. The centaur warrior kicks you.
* * * LOW HITPOINT WARNING * * *
Unknown command.
You mangle the centaur warrior!!
The centaur warrior is almost dead.
The centaur warrior hits you!
* * * LOW HITPOINT WARNING * * *
The centaur warrior closely misses you. The centaur warrior hits you!
* * * LOW HITPOINT WARNING * * *
The centaur warrior barely misses you.
You scratch the centaur warrior but do no damage.
The centaur warrior is almost dead.
The centaur warrior hits you.
You die...

Action                     |  1- 3 |  4- 6 |  7- 9 | 10-12 || total
---------------------------+-------+-------+-------+-------++-------
  Melee: Unarmed           |    89 |    54 |   279 |    94 ||   516
 Invoke: Heroism           |       |       |       |     1 ||     1
   Stab: Sleeping          |       |       |     1 |       ||     1
         Distracted        |       |       |     1 |       ||     1
 Armour: Robe              |    52 |    28 |   163 |    83 ||   326
  Dodge: Dodged            |    36 |    28 |   183 |    80 ||   327

Levels and vault maps discovered:
D:1:      dpeg_arrival_refuge, layout_loops_ring
D:2:      layout_loops_ring, serial_shops, shop
D:3:      layout_rooms, lemuel_round_altar, corexii_item_surrounded_by_moat,
          st_stairs_10
D:4:      layout_cave_pools, gup_sewer_entry_glass, hangedman_decor_peaks_small,
          chequers_serial_rivers_micro_a, uniq_pikel, uniq_sigmund
D:5:      layout_basic, uniq_grinder, uniq_ijyb
D:6:      layout_rooms
D:7:      layout_cave_pods, minmay_temple_entry_hall,
          gammafunk_ghost_nasty_kobolds
D:8:      layout_loops_cross, mainiacjoe_overflow_small_starburst,
          nzn_random_ring
Temple:   nicolae_temple_bog_church

Notes
Turn   | Place    | Note
-------+----------+-------------------------------------------
     0 | D:1      | sanka the Troll Monk began the quest for the Orb.
     0 | D:1      | Reached XP level 1. HP: 22/22 MP: 0/0
   106 | D:1      | Reached XP level 2. HP: 29/29 MP: 1/1
   579 | D:1      | Reached skill level 3 in Fighting
   628 | D:2      | Reached XP level 3. HP: 37/37 MP: 2/2
   699 | D:2      | Found Tyefez's Weapon Shoppe.
   800 | D:2      | Reached skill level 4 in Unarmed Combat
  1412 | D:3      | Reached XP level 4. HP: 37/45 MP: 3/3
  1530 | D:3      | Found a stormy altar of Qazlal.
  1655 | D:3      | Reached skill level 5 in Unarmed Combat
  1912 | D:4      | Noticed a phantom
  1917 | D:4      | Killed a phantom
  1918 | D:4      | Reached XP level 5. HP: 53/53 MP: 4/4
  1925 | D:4      | Found a glowing drain.
  1927 | D:4      | Noticed Pikel
  1929 | D:4      | Noticed a lemure
  1929 | D:4      | Identified a +1 robe of resistance
  1931 | D:4      | Noticed a lemure
  1932 | D:4      | Noticed a lemure
  1933 | D:4      | Noticed a lemure
  1952 | D:3      | Killed Pikel
  1953 | D:3      | Reached skill level 8 in Unarmed Combat
  1953 | D:3      | Reached XP level 6. HP: 29/61 MP: 5/5
  1953 | D:3      | Reached XP level 7. HP: 32/67 MP: 6/6
  2056 | Sewer    | Entered a sewer
  2230 | Sewer    | Reached skill level 9 in Unarmed Combat
  2652 | D:4      | Reached XP level 8. HP: 72/75 MP: 7/7
  2736 | D:4      | Noticed Sigmund
  2752 | D:4      | Killed Sigmund
  2753 | D:4      | Reached skill level 10 in Unarmed Combat
  3003 | D:5      | Entered Level 5 of the Dungeon
  3024 | D:5      | Reached skill level 4 in Fighting
  3083 | D:5      | Reached skill level 5 in Fighting
  3118 | D:5      | Noticed Grinder
  3140 | D:5      | Reached skill level 6 in Fighting
  3154 | D:5      | Paralysed by Grinder for 4 turns
  3161 | D:5      | Killed Grinder
  3162 | D:5      | Reached XP level 9. HP: 14/92 MP: 8/8
  3174 | D:5      | Noticed Ijyb
  3188 | D:5      | Killed Ijyb
  3340 | D:5      | Reached skill level 7 in Fighting
  3978 | D:6      | Reached skill level 8 in Fighting
  4223 | D:7      | Reached skill level 3 in Dodging
  4299 | D:7      | Reached skill level 4 in Dodging
  4426 | D:7      | Identified +0 steam dragon scales
  4437 | D:7      | Reached skill level 5 in Dodging
  4513 | D:7      | Found a staircase to the Ecumenical Temple.
  4567 | Temple   | Entered the Ecumenical Temple
  4579 | Temple   | Became a worshipper of Warmaster Okawaru
  4579 | Temple   | Reached * piety under Okawaru
  4579 | Temple   | Reached ** piety under Okawaru
  4600 | D:7      | Reached XP level 10. HP: 97/104 MP: 9/9
  4615 | D:7      | Reached skill level 1 in Invocations
  4852 | D:7      | Found a runed translucent gate.
  4852 | D:7      | Found a runed translucent gate.
  4853 | D:7      | Found a runed translucent gate.
  4856 | D:7      | Noticed heinrich's ghost (novice TrMo)
  5244 | D:8      | Found an opulent altar of Gozag.
  5259 | D:8      | Reached skill level 6 in Dodging
  5259 | D:8      | Reached skill level 2 in Invocations
  5285 | D:8      | Identified the +1 robe of Yesterday {rF+}
  5446 | D:8      | Noticed an ice statue
  5449 | D:8      | Noticed a two-headed ogre
  5462 | D:8      | Reached skill level 3 in Invocations
  5468 | D:8      | Killed a two-headed ogre
  5484 | D:8      | Reached *** piety under Okawaru
  5512 | D:8      | Noticed a centaur warrior
  5518 | D:8      | Reached skill level 4 in Invocations
  5521 | D:8      | Noticed a centaur warrior
  5523 | D:8      | Killed a centaur warrior
  5524 | D:8      | Reached skill level 7 in Dodging
  5529 | D:8      | HP: 3/100 [centaur warrior (9)]
  5530 | D:8      | Slain by a centaur warrior

Vanquished Creatures
  A centaur warrior (D:8)
  A two-headed ogre (D:8)
  Pikel (D:3)
  Grinder (D:5)
  Sigmund (D:4)
  A wyvern (D:8)
  A steam dragon (D:7)
  5 water moccasins
  2 orc warriors (D:7)
  A black bear (D:5)
  2 sky beasts (D:7)
  2 ogres
  4 centaurs
  3 phantoms
  7 bullfrogs
  3 kobold brigands
  5 scorpions
  3 wights (D:7)
  A killer bee (D:8)
  2 howler monkeys
  4 hounds
  4 bombardier beetles
  3 orc priests
  2 gnoll boudas
  A sleepcap (D:5)
  Ijyb (D:5)
  2 iguanas (D:5)
  5 orc wizards
  16 gnolls
  15 adders
  A white imp (D:3)
  2 ufetubi (D:6)
  12 dart slugs
  A ribbon worm (D:3)
  25 orcs
  7 endoplasms
  13 giant cockroaches
  5 goblins
  11 hobgoblins
  4 jackals (D:1)
  3 quokkas
  7 ball pythons
  4 bats
  6 frilled lizards
  12 kobolds
  7 rats
220 creatures vanquished.
